 Dungeon Crawl Stone Soup version 0.29.1-4-g47bece8355 (webtiles) character file.

Game seed: 3582789494697517393

79 Hercules1031 the Cudgeller (level 4, -1/48 HPs)
             Began as an Ogre Gladiator on Dec 9, 2022.
             Was a Believer of Dithmenos.
             Succumbed to a goblin's poison
             ... on level 2 of the Dungeon.
             The game lasted 00:05:46 (2107 turns).

Hercules1031 the Cudgeller (Ogre Gladiator)         Turns: 2107, Time: 00:05:47

Health: -1/48      AC:  0    Str: 20    XL:     4   Next: 37%
Magic:  4/4        EV: 20    Int:  9    God:    Dithmenos [**....]
Gold:   95         SH:  0    Dex: 15    Spells: 3/3 levels left

rFire   . . .      SeeInvis .   (weapon currently unavailable)
rCold   . . .      Faith    .   (shield currently unavailable)
rNeg    . . .      Spirit   .   (body armour currently unavailable)
rPois   .          Reflect  .   (helmet currently unavailable)
rElec   .          Harm     .   (cloak currently unavailable)
rCorr   .          Rampage  .   (gloves unavailable)
Will    .....                   (boots unavailable)
Stlth   ++........              (no amulet)
HPRegen 0.16/turn               (ring currently unavailable)
MPRegen 0.09/turn               (ring currently unavailable)

@: lethally poisoned (-1 -> -8), bat-form (expiring), flying, wreathed by umbra,
very quick
A: fast, flying, no casting, tiny, unfitting armour, (tough skin 1)
a: Renounce Religion, Shadow Step


You were on level 2 of the Dungeon.
You worshipped Dithmenos.
Dithmenos was pleased with you.
You were a bat.
You visited 1 branch of the dungeon, and saw 3 of its levels.

You collected 95 gold pieces.

Inventory:

Hand Weapons
 a - a +0 flail (melded)
Missiles
 d - 3 throwing nets
 e - 5 large rocks (quivered)
Armour
 b - a +0 robe (melded)
 c - a +0 hat (melded)
Scrolls
 g - a scroll of identify {unknown}
 h - a scroll of fear {unknown}
 l - a scroll of brand weapon {unknown}
 m - a scroll of teleportation {unknown}
 n - a scroll of immolation {unknown}
 o - a scroll of torment {unknown}
 q - a scroll of summoning {unknown}
 r - 2 scrolls of enchant armour {unknown}
Potions
 f - 3 potions of curing {unknown}
 i - a potion of heal wounds {unknown}
 j - a potion of haste {unknown}
 k - 3 potions of flight {unknown}
 p - a potion of ambrosia {unknown}
 s - a potion of brilliance {unknown}


   Skills:
 + Level 3.7 Fighting
 * Level 3.8 Maces & Flails
 - Level 2.0 Throwing
 + Level 3.2 Dodging


You had 3 spell levels left.
You didn't know any spells.
Your spell library contained the following spells:

 Spells                   Type           Power      Damage    Failure   Level
 Freezing Cloud           Conj/Ice/Air   0%         6-21      100%        5
 Simulacrum               Ice/Necr       0%         N/A       100%        6
 Polar Vortex             Ice            0%         N/A       100%        9


Dungeon Overview and Level Annotations

Branches:
Dungeon (3/15)

Altars:
Dithmenos

Annotations:
D:2 Sigmund
D:3 2 transporters, kalagan's ghost, amateur DECj


Innate Abilities, Weirdness & Mutations

You are a bat.
You are tiny and dextrous.
You move quickly.
You are flying.
Your equipment is almost entirely melded.
You are incapable of wielding weapons or throwing items.
You cannot cast spells.
You are too large for most types of armour.
((You have tough skin. (AC +1)))


Message History

Sigmund misses you.
You hit Sigmund.
Sigmund is severely wounded.
You feel sick. The goblin misses you.
You bump into the rock wall.
You feel sick. The goblin barely misses you. Sigmund misses you.
You bump into the rock wall.
You feel sick.
You are no longer poisoned.
The goblin hits you with a +1 dagger of venom.
You hit Sigmund but do no damage.
Sigmund is severely wounded.
Sigmund closely misses you.
The goblin hits you with a +1 dagger of venom.
You hit Sigmund but do no damage.
Sigmund is severely wounded.
The goblin hits you with a +1 dagger of venom.
You are poisoned.
Sigmund closely misses you.
You feel less confused.
You feel very sick.
You feel sick. The goblin closely misses you.
Items here: ))))) ††.
You hit Sigmund but do no damage.
Sigmund is severely wounded.
You feel sick. Sigmund gestures at you while chanting.
The puff of flame hits you!
* * * LOW HITPOINT WARNING * * *
The goblin misses you.
You barely miss Sigmund.
Sigmund is severely wounded.
* * * LOW HITPOINT WARNING * * *
You feel sick. Sigmund hits you with a +0 scythe.
* * * LOW HITPOINT WARNING * * *
The goblin misses you.
Unknown command.
You hit Sigmund but do no damage.
Sigmund is severely wounded.
Your transformation is almost over.
You die...

#. ###.# .# ######...# #.
. #......### #. ##.
#....### ####.##.. #....#
#.......# #....# ##
#.......#######.†).#####.
#......g#................
#......@b.#######.#######
#.......### #.# #.......#
####.# #.......# #....#
#.......# #.#### #
#.......# #.# ###
#.......# #.# #..
#.......######.### ####.#
#8.....8#........###....#


You could see Sigmund and a goblin.

Vanquished Creatures
  An adder (D:2)
  2 dart slugs
  A worm (D:2)
  An orc (D:3)
  7 ball pythons
  3 bats
  9 endoplasms
  11 goblins
  4 hobgoblins
  4 jackals
  3 kobolds (D:2)
  3 quokkas (D:1)
  4 rats
53 creatures vanquished.

Vanquished Creatures (others)
  A rat (D:2)
1 creature vanquished.

Grand Total: 54 creatures vanquished

Notes
Turn   | Place    | Note
-------+----------+-------------------------------------------
     0 | D:1      | Hercules1031 the Ogre Gladiator began the quest for the
                  | Orb.
     0 | D:1      | Reached XP level 1. HP: 22/22 MP: 1/1
   139 | D:1      | Reached XP level 2. HP: 17/29 MP: 2/2
   384 | D:1      | Found a faded altar of an unknown god.
   402 | D:1      | Prayed at the altar of an unknown god.
   402 | D:1      | Became a worshipper of Dithmenos the Shadowed
   402 | D:1      | Reached * piety under Dithmenos
   585 | D:1      | Reached XP level 3. HP: 24/37 MP: 3/3
  1344 | D:2      | You fall into a shaft and drop 1 floor!
  1479 | D:3      | Found a transporter.
  1481 | D:3      | Noticed a wight
  1493 | D:3      | Noticed kalagan's ghost (amateur DECj)
  1519 | D:3      | Found a transporter.
  1581 | D:2      | Reached ** piety under Dithmenos
  1582 | D:2      | Reached XP level 4. HP: 43/45 MP: 4/4
  2057 | D:2      | Noticed Sigmund
  2106 | D:2      | HP: 1/48 [Sigmund/+0 scythe (5)]
  2107 | D:2      | Succumbed to a goblin's poison

Illustrated notes

Levels and vault maps discovered:
D:1:      eino_arrival_cavern_e, layout_rooms,
          nicolae_ecumenical_snake_handling, minmay_tromino_v4_b
D:2:      kennysheep_the_goblin_king, layout_rooms, uniq_sigmund
D:3:      layout_loops_ring, gammafunk_ghost_mausoleum, serial_bayou_pond_e

Skill      XL: |  1  2  3 |
---------------+----------+-----
Fighting       | 3 |  3.7
Maces & Flails | 3 |  3.8
Dodging        | 3 |  3.2
Throwing       | |  2.0

Action                   |  1- 3 |  4- 6 || total
-------------------------+-------+-------++-------
Melee: Flail             |   104 |    43 ||   147
       Punch             |     1 |       ||     1
       Unarmed           |       |    30 ||    30
Armor: Robe              |    36 |    23 ||    59
       Skin              |       |     6 ||     6
Dodge: Dodged            |    58 |    86 ||   144
